 Dungeon Crawl Stone Soup version 0.30-a0-711-gf4ac18a38d (webtiles) character file.

Game seed: 11118359268766203542

107088 arthad the Summoner (level 15, 0/69 HPs)
             Began as a Felid Summoner on Jan 22, 2023.
             Was an Initiate of Gozag.
             Shot with a bolt by a yaktaur captain (15 damage)
             ... on level 1 of the Vaults on Jan 23, 2023.
             The game lasted 02:38:07 (35338 turns).

arthad the Summoner (Felid Summoner)               Turns: 35338, Time: 02:38:08

Health: 0/69       AC:  3    Str:  4    XL:     15   Next: 62%
Magic:  15/33      EV: 26    Int: 38    God:    Gozag
Gold:   3452       SH:  0    Dex: 17    Spells: 2/40 levels left
                                        Lives:  0   Deaths: 4

rFire   + + .      SeeInvis +      - Unarmed
rCold   + . .      Faith    .    (shield unavailable)
rNeg    . . .      Spirit   .    (body armour unavailable)
rPois   .          Reflect  .    (helmet unavailable)
rElec   .          Harm     .    (cloak unavailable)
rCorr   .          Rampage  .    (gloves unavailable)
Will    ++...                    (boots unavailable)
Stlth   +                        o - amulet of the Gloaming {RegenMP rF++ Int+5 Stlth-}
HPRegen 0.31/turn                A - +6 ring of intelligence
MPRegen 0.63/turn                X - ring "Lorch" {Wiz Int+3}

@: gold aura, quick
A: very small, claws 1, fangs 3, see invisible, speed 1, shaggy fur 3, stealthy
paws, no weapons or thrown items, no armour, multi-lived
}: 1/15 runes: decaying
a: Renounce Religion, Potion Petition, Call Merchant, Bribe Branch


You were on level 1 of the Vaults.
You worshipped Gozag.
Gozag was most pleased with you.
You visited 7 branches of the dungeon, and saw 29 of its levels.
You also visited: Sewer and Gauntlet.

You collected 10530 gold pieces.
You spent 888 gold pieces at shops.
You paid 6190 gold pieces to Gozag.

Inventory:

Hand Weapons
 Y - the +7 mace of Variability {chaos, chain chaos}
   (You found it on level 2 of the Swamp)
Jewellery
 d - the amulet of Anotug {Faith rElec Int-2 Slay+2}
   (You found it in a Gauntlet)

   [amulet of faith]

   It allows you to gain divine favour quickly.
   Int:       It affects your intelligence (-2).
   Slay:      It affects your accuracy & damage with ranged weapons and melee
   (+2).
   rElec:     It insulates you from electricity.
 j - a ring of fire
 o - the amulet of the Gloaming (around neck) {RegenMP rF++ Int+5 Stlth-}
   (You found it in a Gauntlet)

   [amulet of magic regeneration]

   It increases your rate of magic regeneration.
   Int:       It affects your intelligence (+5).
   rF:        It greatly protects you from fire.
   Stlth:     It makes you less stealthy.
 u - a +5 ring of evasion
 A - a +6 ring of intelligence (left paw)
 C - the ring "Fuacykk" {rPois Str+6}
   (You took it off a minotaur in a Gauntlet)

   [ring of strength]

   Str:       It affects your strength (+6).
   rPois:     It protects you from poison.
 G - a ring of flight
 H - a ring of protection from cold
 N - the amulet "Egyr" {Spirit Rampage rF+}
   (You found it in a Gauntlet)

   [amulet of guardian spirit]

   It causes incoming damage to be divided between your reserves of health and
   magic.
   rF:        It protects you from fire.
   Rampage:   It bestows one free step when moving towards enemies.
 P - a ring of fire
 Q - a ring of fire
 R - a ring of resist corrosion
 V - a ring of ice
 X - the ring "Lorch" (right paw) {Wiz Int+3}
   (You bought it in a shop on level 2 of the Lair of Beasts)

   [ring of wizardry]

   It improves your spell success rate.
   Int:       It affects your intelligence (+3).
 Z - a ring of willpower
Wands
 e - a wand of mindburst (4)
 f - a wand of flame (38)
 n - a wand of light (13)
 D - a wand of roots (13)
 O - a wand of polymorph (11)
 T - a wand of paralysis (13)
Scrolls
 h - 7 scrolls of teleportation
 i - 3 scrolls of blinking
 k - 8 scrolls of enchant armour
 m - 7 scrolls of vulnerability
 p - 3 scrolls of poison
 q - 2 scrolls of butterflies
 y - 8 scrolls of immolation
 z - 4 scrolls of amnesia
 B - 5 scrolls of fog
 E - 3 scrolls of magic mapping
 F - 2 scrolls of torment
 I - 2 scrolls of fear
 S - 3 scrolls of silence
 U - 8 scrolls of identify
 W - 2 scrolls of brand weapon
Potions
 a - 2 potions of magic
 b - 3 potions of cancellation
 c - 2 potions of flight
 g - a potion of curing
 l - 2 potions of heal wounds
 r - 4 potions of mutation
 s - 5 potions of might
 t - 2 potions of ambrosia
 v - 4 potions of haste
 w - 5 potions of brilliance
 x - 5 potions of attraction
 J - 2 potions of lignification
 M - 2 potions of invisibility
Miscellaneous
 K - a phial of floods
 L - a lightning rod (4/4)


   Skills:
 + Level 10.0 Fighting
 + Level 13.2 Dodging
 - Level 2.6 Stealth
 + Level 6.1 Unarmed Combat
 + Level 13.2 Spellcasting
 - Level 10.0 Hexes
 + Level 14.8 Summonings
 - Level 10.0 Translocations
 * Level 11.3 Transmutations
 - Level 7.0 Ice Magic
 * Level 11.6 Air Magic
 - Level 4.0 Evocations


You had 2 spell levels left.
You knew the following spells:

 Your Spells              Type           Power      Damage    Failure   Level
a - Storm Form            Tmut/Air       42%        N/A       4%          7
c - Call Canine Familiar  Summ           95%        N/A       0%          3
d - Summon Guardian Gole  Hex/Summ       88%        N/A       1%          3
e - Blink                 Tloc           100%       N/A       1%          2
f - Summon Lightning Spi  Summ/Air       90%        N/A       1%          4
g - Summon Ice Beast      Ice/Summ       83%        N/A       1%          4
h - Ice Form              Ice/Tmut       76%        N/A       1%          4
i - Summon Hydra          Summ           47%        N/A       1%          7
j - Manifold Assault      Tloc           79%        N/A       1%          4

Your spell library contained the following spells:

 Spells                   Type           Power      Damage    Failure   Level
 Summon Small Mammal      Summ           100%       N/A       0%          1
 Call Imp                 Summ           95%        N/A       0%          2
 Wereblood                Tmut           84%        N/A       0%          2
 Necrotise                Necr           100%       1d9       1%          1
 Lesser Beckoning         Tloc           100%       N/A       1%          2
 Momentum Strike          Conj/Tloc      100%       3d10      1%          2
 Static Discharge         Conj/Air       100%       2-7/arc   1%          2
 Sublimation of Blood     Necr           25%        N/A       1%          2
 Dazzling Flash           Conj/Hex       100%       N/A       1%          3
 Frozen Ramparts          Ice            100%       1d16      1%          3
 Gell's Gravitas          Tloc           79%        N/A       1%          3
 Inner Flame              Hex/Fire       58%        N/A       1%          3
 Teleport Other           Tloc           79%        N/A       1%          3
 Vampiric Draining        Necr           25%        2d7       1%          3
 Vhi's Electric Charge    Tloc/Air       100%       N/A       1%          3
 Cause Fear               Hex            39%        N/A       1%          4
 Iskenderun's Mystic Bla  Conj/Tloc      58%        2d12      1%          4
 Petrify                  Tmut/Erth      62%        N/A       1%          4
 Arcjolt                  Conj/Air       31%        1d41      1%          5
 Freezing Cloud           Conj/Ice/Air   32%        6-21      1%          5
 Irradiate                Conj/Tmut      31%        3d22      1%          5
 Lightning Bolt           Conj/Air       31%        1d48      1%          5
 Yara's Violent Unravell  Hex/Tmut       41%        3d16      1%          5
 Dispersal                Tloc           39%        N/A       1%          6
 Enfeeble                 Hex            39%        N/A       9%          7
 Agony                    Necr           25%        N/A       16%         5
 Borgnjor's Vile Clutch   Necr/Erth      12%        N/A       16%         5
 Spellforged Servitor     Conj/Summ      34%        N/A       22%         7
 Discord                  Hex            39%        N/A       52%         8
 Death Channel            Necr           12%        N/A       63%         6
 Starburst                Conj/Fire      12%        6d5       63%         6
 Orb of Destruction       Conj           12%        9d7       99%         7
 Polar Vortex             Ice            34%        N/A       100%        9
 Animate Dead             Necr           Unusable   N/A       N/A         4
 Simulacrum               Ice/Necr       Unusable   N/A       N/A         6

Dungeon Overview and Level Annotations

Branches:
Dungeon (15/15)            Temple (1/1) D:6            Lair (5/5) D:9
  Swamp (4/4) Lair:3        Snake (1/4) Lair:2        Slime (0/5) Lair:5
    Orc (2/2) D:9             Elf (0/3) Orc:2        Vaults (1/5) D:14
 Depths (0/4) D:15          Sewer (visited)         Gauntlet (visited)

Altars:
Ashenzari
Cheibriados
Dithmenos
Elyvilon
Fedhas
Gozag
Hepliaklqana
Kikubaaqudgha
Makhleb
Nemelex Xobeh
Okawaru
Qazlal
Ru
Sif Muna
Trog
Uskayaw
Vehumet
Wu Jian
Xom
Yredelemnul
Zin
The Shining One
Jiyva

Shops:
D:8 [   D:10 *   D:15 *   Orc:2 (*[!:   Lair:2 *=*   Lair:5 :*

Portals:
Trove: D:14 (give 16 scrolls of teleportation)

Annotations:
Lair:1 3 runed translucent doors, samgaumpmail's ghost, journeyman DjTm
Lair:2 1 runed translucent door, drugrobin's ghost, journeyman DgDe
Orc:2 2 transporters, bronco's ghost, journeyman SpGl


Innate Abilities, Weirdness & Mutations

You have sharp claws.
You have razor-sharp teeth.
You have supernaturally acute eyesight. (SInv)
You cover ground quickly. (Speed+)
Your thick and shaggy fur keeps you warm. (AC +3, rC+)
Your paws help you pounce on unaware monsters.
You are incapable of wielding weapons or throwing items.
You cannot wear armour.
You gain extra lives every three experience levels.


Message History

Confirm with . or Enter, or press ? or * to list all spells.
The yaktaur captain shoots a bolt.
The bolt hits your eight-headed hydra!!
An ironbound convoker comes into view. It is wielding a +0 flail.
Casting: Call Canine Familiar (safe; 0% risk of failure)
Confirm with . or Enter, or press ? or * to list all spells.
A guardian golem appears, shielding your allies.
The ironbound frostheart calls freezing cold from the walls.
The frost grips you! You resist.
* * * LOW HITPOINT WARNING * * *
The frost grips your eight-headed hydra!!
The frost grips your warg!!
The ironbound convoker gestures at the ironbound frostheart while chanting.
The ironbound frostheart seems to grow stronger.
What are your orders? t - Meow!
Orders for allies: a - Attack new target. r - Retreat! s - Stop attacking. g - Guard the area. f - Follow me.
Anything else - Cancel.
Gang up on whom?
Press: ? - help, Dir - move target, f - ironbound frostheart
Aim: an ironbound frostheart, wearing a +2 ring mail of fire resistance (moderately wounded, strong, ally target) Attack!
The ice encasing you melts away.
The yaktaur captain shoots a bolt.
The bolt hits your seven-headed hydra!
Your eight-headed hydra bites the ironbound frostheart. x3
Your eight-headed hydra bites the ironbound frostheart! x2
Your eight-headed hydra barely misses the ironbound frostheart.
Your eight-headed hydra bites the ironbound frostheart!
Your eight-headed hydra bites the ironbound frostheart but does no damage.
Your seven-headed hydra barely misses the ironbound frostheart.
Your seven-headed hydra bites the ironbound frostheart.
The ironbound frostheart dies!
The ironbound convoker hits your eight-headed hydra with a +0 flail!!
Your eight-headed hydra dies!
Your eight-headed hydra's corpse disappears in a puff of smoke!
Your guardian golem overheats!
The yaktaur captain shoots a bolt.
The bolt hits you!
You die...
Your body crumbles into a pile of gold.

#.......#
#.......#
#.......#
#.......#
#.......#
#.......######'##
#.......#8.D§p...
#.......#.h.$....
#......@'...c....
#......9#######..
######'###
#.......#
#.......#
#.......#
#.......#
#.......# ####
#.......# ....


You could see a yaktaur captain (strong), an ironbound convoker (distracted,
ally target), a friendly seven-headed hydra (summoned, sheltered), a friendly
guardian golem (summoned, inner flame) and a friendly warg (summoned,
sheltered).

Vanquished Creatures
  A ghost crab (Swamp:3)
  A two-headed ogre (Orc:2)
  A boulder beetle (D:6)
  A swamp worm (Swamp:4)
  A naga (Snake:1)
  2 nameless horrors
  3 orc warriors (Orc:1)
  An ogre (Orc:2)
  An orc priest (Orc:1)
  An orc wizard (Orc:1)
  An adder (D:6)
  10 orcs
  2 bats
  3 kobolds
  A quokka (D:5)
  A ball python (Sewer)
  A frilled lizard (D:1)
  4 rats
36 creatures vanquished.

Vanquished Creatures (collateral kills)
  Gastronok (Lair:1)
  3 thorn hunters (Swamp:4)
  A fenstrider witch (Swamp:1)
  2 orc warlords (Orc:1)
  3 ironbound preservers (Vaults:1)
  4 eleionomae
  An ironbound thunderhulk (Vaults:1)
  A stone giant (D:15)
  2 vampire knights (Swamp:4)
  A minotaur (Gauntlet)
  5 bunyips
  2 yaktaur captains
  3 shambling mangroves (Swamp:4)
  17 hydras
  A spriggan air mage (Swamp:3)
  Erolcha (Orc:1)
  A peacekeeper (Vaults:1)
  Harold (Lair:2)
  A ghost crab (Swamp:2)
  An ironbound frostheart (Vaults:1)
  A centaur warrior (D:13)
  3 ogre magi (Orc:2)
  6 boulder beetles
  A catoblepas (Lair:5)
  5 alligators
  18 two-headed ogres
  3 tengu warriors
  3 death yaks (Lair:5)
  An orc high priest (Orc:2)
  Sonja (Orc:1)
  6 skeletal warriors
  A goliath frog (Swamp:3)
  6 spriggan druids
  9 deep trolls (Vaults:1)
  A flayed ghost (Swamp:4)
  4 spectral hydras (Swamp:4)
  An ironbound convoker (Vaults:1)
  A lindwurm (shapeshifter) (D:14)
  11 swamp dragons
  9 bog bodies
  A phantasmal warrior (Swamp:4)
  2 deep elf pyromancers
  2 orc knights (D:15)
  3 harpies (Vaults:1)
  A salamander (Snake:1)
  4 ugly things
  4 will-o-the-wisps
  An orc sorcerer (Orc:2)
  2 oklob plants (Swamp:4)
  A cyclops (shapeshifter) (Gauntlet)
  A moth of wrath (Gauntlet)
  4 cyclopes
  2 manticores
  2 naga magi (Snake:1)
  10 elephants
  2 vault sentinels (Vaults:1)
  8 black mambas
  17 cane toads
  An unseen horror (D:12)
  A gargoyle (D:14)
  2 yaktaurs (D:15)
  7 rime drakes
  4 komodo dragons
  A tengu conjurer (D:14)
  4 hydra zombies (Swamp:4)
  3 trolls
  3 death drake zombies (Swamp:4)
  7 polar bears
  11 tyrant leeches
  7 hornets
  A shadow (D:10)
  3 dream sheep (Lair:5)
  20 slime creatures
  18 spriggans
  3 vampires
  22 yaks
  6 wyverns
  5 wraiths
  7 basilisks
  Eustachio (D:6)
  A steam dragon (D:8)
  7 vampire mosquitoes
  3 wargs
  13 swamp worms
  2 hydra simulacra (Swamp:4)
  2 nagas (Lair:2)
  13 water moccasins
  2 acid dragons
  8 swamp drakes
  4 black bears
  A swamp dragon zombie (Swamp:4)
  3 ice beasts
  A sky beast (D:7)
  18 orc warriors
  44 wolves
  23 ogres
  6 centaurs
  5 boggarts (Lair:5)
  2 phantoms
  A swamp dragon skeleton (Swamp:4)
  3 kobold brigands
  14 bullfrogs
  A necrophage (D:4)
  12 wights
  4 killer bees (D:11)
  6 nameless horrors
  5 howler monkeys
  A lava snake (D:14)
  2 hounds
  4 jellies
  7 orc priests
  4 iguanas
  21 orc wizards
  Natasha (thrice) (D:2)
  Terence (D:2)
  Robin (D:2)
  13 adders
  7 gnolls
  6 river rats (Sewer)
  A shadow imp (D:5)
  A white imp (D:7)
  An ufetubus (D:6)
  A worm (D:5)
  2 dart slugs
  63 orcs
  15 ball pythons
  9 endoplasms
  A giant cockroach (D:1)
  11 goblins (D:2)
  8 hobgoblins
  2 jackals (D:3)
  4 quokkas
  A bat (D:4)
  8 frilled lizards
  21 kobolds
  14 rats
  2 briar patches (Swamp:4)
  A fire vortex (D:14)
787 creatures vanquished.

Vanquished Creatures (others)
  Josephine (D:15)
  A hydra (Lair:3)
  2 centaur warriors
  An ogre mage (Orc:2)
  2 two-headed ogres (Orc:2)
  2 tengu warriors (D:15)
  The ghost of ASSMAN the Fighter, a novice OgMo of Okawaru (D:6)
  3 skeletal warriors (D:15)
  2 deep trolls
  2 ugly things (D:15)
  An oklob plant (Swamp:4)
  A manticore (D:11)
  2 elephants (Lair:3)
  A slime creature (D:12)
  A gargoyle (D:11)
  2 cane toads
  3 yaktaurs
  A freezing wraith (D:15)
  3 bloated husks
  2 trolls (D:13)
  A merfolk (shapeshifter) (Gauntlet)
  6 yaks
  A vampire mosquito (D:10)
  A warg (D:15)
  3 orc warriors
  A wolf (Gauntlet)
  An ogre (D:15)
  A centaur (D:15)
  3 kobold brigands
  3 wights
  The ghost of Zvl3 the Digger, a weakling DrEE (D:3)
  Crazy Yiuf (D:4)
  A river rat (Sewer)
  7 kobolds (Sewer)
  4 briar patches (Swamp:4)
  22 foxfires
  38 fungi
  71 plants
200 creatures vanquished.

Grand Total: 1023 creatures vanquished

Notes
Turn   | Place    | Note
-------+----------+-------------------------------------------
     0 | D:1      | arthad the Felid Summoner began the quest for the Orb.
     0 | D:1      | Reached XP level 1. HP: 7/7 MP: 4/4
   411 | D:1      | Reached XP level 2. HP: 11/11 MP: 1/6
   491 | D:1      | Learned a level 2 spell: Call Imp
  1259 | D:2      | Reached XP level 3. HP: 14/14 MP: 0/7
  1263 | D:2      | Learned a level 3 spell: Call Canine Familiar
  1431 | D:2      | Reached skill level 5 in Summonings
  1872 | D:2      | Noticed Terence
  1897 | D:2      | Killed Terence
  1898 | D:2      | Reached XP level 4. HP: 18/18 MP: 6/8
  1950 | D:2      | Noticed Natasha
  1959 | D:2      | Killed Natasha
  2039 | D:2      | Noticed Robin
  2085 | D:2      | Killed Robin
  2199 | D:2      | Reached XP level 5. HP: 21/21 MP: 3/10
  2207 | D:2      | Slain by a gnoll
  2208 | D:2      | Reached XP level 4. HP: 0/18 MP: 2/9
  2242 | D:2      | Noticed Natasha
  2252 | D:2      | Killed Natasha
  2253 | D:2      | Reached skill level 6 in Summonings
  2348 | D:2      | Noticed Natasha
  2360 | D:2      | Killed Natasha
  2599 | D:2      | Reached XP level 5. HP: 21/21 MP: 1/10
  2949 | D:3      | Learned a level 3 spell: Summon Guardian Golem
  2998 | D:3      | Found a basalt altar of Yredelemnul.
  3133 | D:3      | Found a runed translucent gate.
  3134 | D:3      | Found a runed translucent gate.
  3135 | D:3      | Found a runed translucent gate.
  3137 | D:3      | Noticed Zvl3's ghost (weakling DrEE)
  3469 | D:3      | Killed Zvl3's ghost
  3470 | D:3      | Reached skill level 1 in Hexes
  3470 | D:3      | Reached skill level 1 in Translocations
  3470 | D:3      | Gained mutation: You are covered in thick fur. (AC +2)
                  | [Felid growth]
  3470 | D:3      | Reached XP level 6. HP: 25/25 MP: 6/12
  3666 | D:4      | Found a glowing drain.
  3679 | Sewer    | Entered a sewer
  3706 | Sewer    | Learned a level 2 spell: Blink
  3927 | Sewer    | Reached skill level 1 in Evocations
  4034 | Sewer    | Reached skill level 1 in Air Magic
  4039 | Sewer    | Reached skill level 1 in Fighting
  4296 | Sewer    | Reached XP level 7. HP: 28/28 MP: 9/14
  4574 | Sewer    | Reached skill level 7 in Summonings
  5098 | D:4      | Found a runed translucent door.
  5099 | D:4      | Noticed Crazy Yiuf
  5478 | D:4      | Killed Crazy Yiuf
  5560 | D:5      | Entered Level 5 of the Dungeon
  6091 | D:5      | Reached XP level 8. HP: 33/33 MP: 12/15
  6227 | D:5      | Learned a level 4 spell: Summon Lightning Spire
  6729 | D:5      | Noticed a two-headed ogre
  6738 | D:5      | Killed a two-headed ogre
  6739 | D:5      | Reached skill level 5 in Spellcasting
  7433 | D:6      | Reached XP level 9. HP: 37/37 MP: 6/18
  7514 | D:6      | Found a staircase to the Ecumenical Temple.
  7531 | Temple   | Entered the Ecumenical Temple
  7794 | Temple   | Became a worshipper of Gozag Ym Sagoz the Greedy
  7809 | D:6      | Reached skill level 5 in Dodging
  7852 | D:6      | Reached skill level 8 in Summonings
  7876 | D:6      | Found a runed translucent door.
  7890 | D:6      | Noticed ASSMAN's ghost (novice OgMo)
  7940 | D:6      | Noticed Eustachio
  7959 | D:6      | Noticed a boulder beetle
  7962 | D:6      | Killed Eustachio
  7996 | D:6      | Killed a boulder beetle
  8485 | D:6      | Killed ASSMAN's ghost
  8486 | D:6      | Reached skill level 5 in Hexes
  8486 | D:6      | Reached skill level 5 in Translocations
  8491 | D:6      | Learned a level 4 spell: Summon Ice Beast
  9100 | D:7      | Reached XP level 10. HP: 42/42 MP: 3/20
  9340 | D:8      | Reached skill level 1 in Transmutations
  9491 | D:8      | Found Sanaim's Antique Armour Emporium.
 10010 | D:8      | Reached skill level 9 in Summonings
 10017 | D:8      | Reached skill level 5 in Air Magic
 10801 | D:9      | Noticed a two-headed ogre
 10812 | D:9      | Noticed a green ugly thing
 10816 | D:9      | Killed a two-headed ogre
 10822 | D:9      | Killed a green ugly thing
 10837 | D:9      | Reached skill level 1 in Ice Magic
 11186 | D:9      | Found a staircase to the Orcish Mines.
 11455 | D:9      | Found a staircase to the Lair.
 11775 | D:10     | Entered Level 10 of the Dungeon
 11821 | D:10     | Noticed a two-headed ogre
 11841 | D:10     | Slain by a two-headed ogre
 11842 | D:10     | Reached XP level 9. HP: -1/39 MP: 13/20
 11885 | D:10     | Noticed a two-headed ogre
 11885 | D:10     | Killed a two-headed ogre
 11886 | D:10     | Reached XP level 10. HP: 43/43 MP: 5/21
 11926 | D:10     | Killed a two-headed ogre
 12229 | D:10     | Noticed a two-headed ogre
 12249 | D:10     | Killed a two-headed ogre
 12712 | D:10     | Found Meskemoh's Assorted Antiques.
 12720 | D:10     | Bought a scroll labelled MYUCSE IROIS for 22 gold pieces
 12879 | D:10     | Identified the +6 great sword of Hubris {protect, rElec rC+
                  | rN+ Int+2}
 13108 | D:11     | Found the +8 arc blade {discharge, rElec}
 13125 | D:11     | Found a gate leading to a gauntlet.
 13140 | Gauntlet | Entered a Gauntlet
 13140 | Gauntlet | Noticed a moth of wrath
 13140 | Gauntlet | Found a transporter.
 13140 | Gauntlet | Found a runed translucent gate.
 13140 | Gauntlet | Found a runed translucent gate.
 13142 | Gauntlet | Found a runed translucent gate.
 13147 | Gauntlet | Found a transporter.
 13149 | Gauntlet | Found a transporter.
 13168 | Gauntlet | Found a runed translucent door.
 13171 | Gauntlet | Found a transporter.
 13171 | Gauntlet | Found a transporter.
 13173 | Gauntlet | Noticed a hell beast
 13183 | Gauntlet | Found a transporter.
 13200 | Gauntlet | Found a transporter.
 13203 | Gauntlet | Noticed a quicksilver ooze
 13205 | Gauntlet | Found a transporter.
 13207 | Gauntlet | Noticed an elephant
 13223 | Gauntlet | Noticed a dire elephant
 13224 | Gauntlet | Noticed an elephant
 13226 | Gauntlet | Found a transporter.
 13234 | Gauntlet | Found a transporter.
 13249 | Gauntlet | Found a transporter.
 13254 | Gauntlet | Found a transporter.
 13255 | Gauntlet | Noticed a worldbinder
 13288 | Gauntlet | Noticed a cacodemon
 13290 | Gauntlet | Found a transporter.
 13295 | Gauntlet | Found a transporter.
 13383 | Gauntlet | Reached XP level 11. HP: 37/46 MP: 7/23
 13388 | Gauntlet | Reached skill level 10 in Summonings
 13393 | Gauntlet | Reached skill level 5 in Fighting
 13526 | Gauntlet | a torpor snail changed into a steelbarb worm
 13526 | Gauntlet | Noticed a steelbarb worm (shapeshifter)
 13553 | Gauntlet | a steelbarb worm changed into a merfolk
 13641 | Gauntlet | Identified the amulet of Anotug {Faith rElec Int-2 Slay+2}
 13666 | Gauntlet | Identified the amulet of the Gloaming {RegenMP rF++ Int+5
                  | Stlth-}
 13690 | Gauntlet | Learned a level 4 spell: Ice Form
 13696 | Gauntlet | Identified the ring "Fuacykk" {rPois Str+6}
 13696 | Gauntlet | Noticed a minotaur
 13725 | Gauntlet | Killed a minotaur
 13740 | Gauntlet | Identified the amulet "Egyr" {Spirit Rampage rF+}
 13820 | D:11     | Found a blossoming altar of Fedhas.
 13931 | D:11     | Identified the +1 robe of Bitterness {Stlth+}
 13933 | D:11     | Noticed a two-headed ogre
 13940 | D:11     | Killed a two-headed ogre
 14488 | D:12     | Noticed a brown ugly thing
 14499 | D:12     | Killed a brown ugly thing
 14515 | D:12     | Noticed a two-headed ogre
 14526 | D:12     | Killed a two-headed ogre
 15135 | D:13     | Noticed a five-headed hydra
 15146 | D:13     | Killed a five-headed hydra
 15147 | D:13     | Gained mutation: Your thick and shaggy fur keeps you warm.
                  | (AC +3, rC+) [Felid growth]
 15147 | D:13     | Reached XP level 12. HP: 51/51 MP: 15/25
 15322 | D:13     | Noticed a boulder beetle
 15351 | D:13     | Killed a boulder beetle
 15566 | D:13     | Noticed a centaur warrior
 15582 | D:13     | Killed a centaur warrior
 15583 | D:13     | Reached skill level 5 in Transmutations
 15715 | D:13     | Reached skill level 11 in Summonings
 16185 | D:14     | Found a portal to a secret trove of treasure.
 16296 | D:14     | Found a gate to the Vaults.
 16296 | D:14     | Noticed a yaktaur captain
 16310 | D:14     | Killed a yaktaur captain
 16607 | D:14     | Noticed a boulder beetle
 16641 | D:14     | Killed a boulder beetle
 16906 | D:14     | Noticed a centaur warrior
 16914 | D:14     | Noticed a tengu warrior
 16915 | D:14     | Killed a centaur warrior
 16923 | D:14     | Killed a tengu warrior
 17057 | D:14     | Reached XP level 13. HP: 53/55 MP: 9/27
 17116 | D:14     | Found a glowing silver altar of Zin.
 17193 | D:14     | Found a glowing golden altar of the Shining One.
 17654 | D:15     | Entered Level 15 of the Dungeon
 18196 | D:15     | Noticed Josephine
 18225 | D:15     | Killed Josephine
 18472 | D:15     | Reached skill level 10 in Hexes
 18761 | D:15     | Found Inaer's Assorted Antiques.
 18766 | D:15     | Bought a scroll of teleportation for 78 gold pieces
 18850 | D:15     | Reached skill level 12 in Summonings
 18968 | D:15     | Reached skill level 10 in Spellcasting
 18968 | D:15     | Reached skill level 10 in Translocations
 19259 | D:15     | Found a staircase to the Depths.
 19293 | D:15     | Noticed a stone giant
 19315 | D:15     | Killed a stone giant
 19316 | D:15     | Reached skill level 5 in Ice Magic
 19528 | Lair:1   | Entered Level 1 of the Lair of Beasts
 19569 | Lair:1   | Found a runed translucent gate.
 19569 | Lair:1   | Found a runed translucent gate.
 19569 | Lair:1   | Found a runed translucent gate.
 19571 | Lair:1   | Noticed a minotaur
 19576 | Lair:1   | Noticed samgaumpmail's ghost (journeyman DjTm)
 19692 | Lair:1   | You fall into a shaft and drop 1 floor!
 19731 | Lair:2   | Found a staircase to the Snake Pit.
 19808 | Lair:2   | Noticed Harold
 19817 | Lair:2   | Killed Harold
 19843 | Lair:1   | Identified the +7 rapier "Hydrabane" {chaos, rC+++ rN+
                  | Will- Str+2}
 20187 | Lair:1   | Noticed Gastronok
 20205 | Lair:1   | Killed Gastronok
 20206 | Lair:1   | Reached skill level 10 in Dodging
 20206 | Lair:1   | Reached XP level 14. HP: 49/61 MP: 24/29
 20804 | Lair:2   | Found a runed translucent door.
 20807 | Lair:2   | Noticed drugrobin's ghost (journeyman DgDe)
 20808 | Lair:2   | Identified the +8 spear "Ypsea" {vamp, Will+ Int+5 Dex+4}
 20928 | Lair:2   | Bought a scroll labelled MUDOEM RIADWU for 38 gold pieces
 20934 | Lair:2   | Bought a faintly glowing glass ring for 180 gold pieces
 20934 | Lair:2   | Identified the ring "Lorch" {Wiz Int+3} (You bought it in a
                  | shop on level 2 of the Lair of Beasts)
 21598 | Lair:3   | Found a frozen archway.
 21914 | Lair:3   | Found a staircase to the Swamp.
 22315 | Lair:4   | Learned a level 7 spell: Summon Hydra
 22752 | Lair:4   | Identified the +4 falchion "Raxteat" {freeze, Fragile rN+++
                  | rCorr Dex-5}
 23363 | Lair:5   | Entered Level 5 of the Lair of Beasts
 23396 | Lair:5   | Reached skill level 10 in Air Magic
 23514 | Lair:5   | Reached skill level 13 in Summonings
 23789 | Lair:5   | Reached skill level 1 in Unarmed Combat
 23913 | Lair:5   | Found a staircase to the Slime Pits.
 23918 | Lair:5   | Found a viscous altar of Jiyva.
 24216 | Lair:5   | Reached XP level 15. HP: 66/66 MP: 14/31
 25223 | Lair:5   | Bought a scroll labelled MUDOEM RIADWU for 29 gold pieces
 25223 | Lair:5   | Bought a scroll labelled QIRHIB GAR AHA for 29 gold pieces
 25229 | Lair:5   | Identified a scroll of acquirement
 25231 | Lair:5   | Acquired 608 gold pieces
 25375 | Orc:1    | Entered Level 1 of the Orcish Mines
 25728 | Orc:2    | Entered Level 2 of the Orcish Mines
 25831 | Orc:1    | Noticed Sonja
 25844 | Orc:1    | Killed Sonja
 25888 | Orc:1    | Noticed Erolcha
 25898 | Orc:1    | Killed Erolcha
 26144 | Orc:2    | Found a staircase to the Elven Halls.
 26279 | Orc:2    | Noticed bronco's ghost (journeyman SpGl)
 26295 | Orc:2    | Found a transporter.
 26301 | Orc:2    | Found a transporter.
 26401 | Orc:2    | Found Xoosh's Distillery.
 26401 | Orc:2    | Found Qumuimem's General Store.
 26539 | Orc:2    | Found Kibif's Antique Weapon Shop.
 26539 | Orc:2    | Found Fuagrek's Antique Armour Shoppe.
 26610 | Orc:2    | Found a bloodstained altar of Trog.
 27108 | Orc:2    | Bought an Inescapable Atlas for 512 gold pieces
 27113 | Orc:2    | Learned a level 4 spell: Manifold Assault
 27236 | Swamp:1  | Entered Level 1 of the Swamp
 27520 | Swamp:1  | Reached skill level 14 in Summonings
 27800 | Swamp:1  | Noticed a fenstrider witch
 27806 | Swamp:1  | Killed a fenstrider witch
 28661 | Swamp:2  | Found the +7 mace of Variability {chaos, chain chaos}
 28886 | Swamp:2  | Reached XP level 16. HP: 41/71 MP: 1/33
 28894 | Swamp:2  | Learned a level 7 spell: Storm Form
 30487 | Swamp:4  | Entered Level 4 of the Swamp
 31127 | Swamp:4  | HP: 2/72 [spriggan rider/+0 spear (30)]
 31132 | Swamp:4  | Demolished by a spriggan rider
 31133 | Swamp:4  | Reached XP level 15. HP: -16/67 MP: 14/32
 31173 | Swamp:4  | Reached skill level 5 in Unarmed Combat
 31252 | Swamp:4  | Reached skill level 10 in Transmutations
 32693 | Swamp:4  | Noticed a thorn hunter
 32700 | Swamp:4  | Noticed a thorn hunter
 32701 | Swamp:4  | Noticed a thorn hunter
 32710 | Swamp:4  | Killed from afar by a thorn hunter
 32711 | Swamp:4  | Reached XP level 14. HP: -1/64 MP: 5/32
 32929 | Snake:1  | Entered Level 1 of the Snake Pit
 33053 | Lair:2   | HP: 3/64 [poisoned by a naga sharpshooter (splash of
                  | poison)]
 33453 | Swamp:4  | Killed a thorn hunter
 33454 | Swamp:4  | Reached XP level 15. HP: 44/68 MP: 14/33
 33553 | Swamp:4  | Killed a thorn hunter
 33554 | Swamp:4  | Killed a thorn hunter
 33788 | Swamp:4  | Found a basalt altar of Yredelemnul.
 33957 | Swamp:4  | Found a blossoming altar of Fedhas.
 34080 | Swamp:4  | Got a decaying rune of Zot
 34369 | Vaults:1 | Entered Level 1 of the Vaults
 35125 | Vaults:1 | Reached skill level 10 in Fighting
 35338 | Vaults:1 | Shot with a bolt by a yaktaur captain

Illustrated notes

Levels and vault maps discovered:
D:1:      lightli_arrival_windingriver, layout_basic, serial_glass,
          glass_columns_a, glass_columns_a
D:2:      minmay_spotlight, layout_loops_corners, uniq_robin, uniq_natasha,
          uniq_terence
D:3:      layout_rooms, mainiacjoe_overflow_catwalk,
          gammafunk_ghost_nasty_kobolds, glass_columns_b
D:4:      layout_loops_ring, cheibrodos_sewer_entry_sluice,
          uniq_crazy_yiuf_cottage
D:5:      layout_basic
D:6:      layout_basic, minmay_temple_entry_glass,
          ebering_ghost_reflecting_pool, uniq_eustachio
D:7:      layout_basic
D:8:      layout_cave_pools, serial_shops, nicolae_stop_n_shop_1, st_stairs_12,
          minmay_fractal_squares_5
D:9:      layout_basic, david_lair_shrubbed, orc_0_dummy, minivault_16
D:10:     layout_roguey, serial_shops, nicolae_shop_hallway_plus
D:11:     layout_roguey, gauntlet_entry_generic, fedhas_altar_2
D:12:     layout_basic, minmay_misc_feat_more_columns,
          hangedman_abyss_or_decor_jellyfish_corner
D:13:     layout_long_grid
D:14:     layout_basic, david_vaults_2, trove_entry_hex_spiral, tso_metal_star,
          minmay_ruined_shrine
D:15:     grunt_enter_depths_snipers, layout_loops_ring, serial_shops, shop,
          uniq_josephine
Temple:   mainiacjoe_temple_hex_bubbles
Lair:1:   layout_gridlike, maelrawn_ghost_gauntlet_escape,
          infiniplex_staircase_pool_2, uniq_gastronok
Lair:2:   layout_cave_shapes, guppyfry_snake_entry_island,
          ebering_ghost_funeral_grove, uniq_harold
Lair:3:   layout_regular_city, swamp_mist_pool, portal_ice_cave_rime,
          beast_lair_carwin_5
Lair:4:   layout_regular_city, grunt_megastairs_1
Lair:5:   minmay_lair_end_enchanted_forest, layout_long_grid,
          nicolae_slime_entry_slimehenge, enter_volcano_4,
          chequers_serial_rivers_large_b
Swamp:1:  layout_basic_swamp, hangedman_swamp_cone, swamp_pool1
Swamp:2:  layout_falls_marsh, evilmike_swamp_ruin_house_1
Swamp:3:  layout_falls_marsh, nicolae_swamp_very_dense_foliage, swamp_pool1,
          infiniplex_staircase_pool
Swamp:4:  byrel_swamp_growth_death_and_undeath, layout_basic_swamp
Snake:1:  layout_cave_shapes, serial_shops,
          nicolae_shop_temple_entry_statues_fountains, uniq_azrael
Orc:1:    layout_diamond_mine, uniq_sonja, uniq_erolcha
Orc:2:    st_orc_ogre_mass, layout_caves, gammafunk_ghost_wrathful_warriors,
          kennysheep_orc_chapel
Vaults:1: nicolae_vaults_arrows, vaults_room_hallway,
          nicolae_vaults_bisected_slash, hangedman_vaults_variations,
          vaults_room_fours, v_alt_pattern_4, vaults_mumra_minichess, v_misc_2,
          v_misc_13, ontoclasm_vaults_ring_small,
          ontoclasm_vaults_loading_screen, layout_vaults_omnicross

Skill      XL: |  1  2  3  4  5  6  7  8  9 10 11 12 13 14 15 16 |
---------------+-------------------------------------------------+-----
Summonings     | 5 6 7 8 9 10 11 12 13 14 | 14.8
Spellcasting   | 3 4 5 6 7 8 9 10 11 13 | 13.2
Dodging        | 3 4 5 7 8 9 10 11 13 | 13.2
Hexes          | 1 2 4 5 7 8 9 10 | 10.0
Translocations | 1 2 3 4 5 7 8 9 10 | 10.0
Evocations     | 1 2 3 4 |  4.0
Air Magic      | 1 3 4 6 7 8 9 10 11 | 11.6
Fighting       | 1 2 3 4 5 6 7 8 10 9 | 10.0
Transmutations | 3 2 4 5 6 7 11 | 11.3
Ice Magic      | 2 3 4 5 6 7 |  7.0
Unarmed Combat | 1 6 |  6.1
Stealth        | |  2.6

Action                     |  1- 3 |  4- 6 |  7- 9 | 10-12 | 13-15 | 16-18 || total
---------------------------+-------+-------+-------+-------+-------+-------++-------
  Melee: Unarmed           |    14 |    24 |    22 |    16 |    72 |     4 ||   152
         Bite              |     1 |     2 |     3 |     4 |    10 |       ||    20
         Punch             |       |     1 |       |       |     4 |     1 ||     6
   Cast: Summon Small Mamm |    39 |    40 |    25 |       |    12 |       ||   116
         Call Imp          |    12 |    18 |    19 |    14 |    16 |       ||    79
         Call Canine Famil |     4 |    22 |    34 |    49 |    98 |    16 ||   223
         Summon Guardian G |       |     4 |    24 |    52 |    84 |     4 ||   168
         Summon Lightning  |       |       |    14 |    92 |   190 |    23 ||   319
         Blink             |       |       |     6 |    10 |     8 |     4 ||    28
         Summon Ice Beast  |       |       |     1 |    42 |    82 |     9 ||   134
         Ice Form          |       |       |       |     1 |       |       ||     1
         Summon Hydra      |       |       |       |       |   227 |    47 ||   274
         Storm Form        |       |       |       |       |     1 |       ||     1
         Manifold Assault  |       |       |       |       |     1 |       ||     1
 Invoke: Call Merchant     |       |       |       |       |     6 |       ||     6
         Potion Petition   |       |       |       |       |     1 |       ||     1
Ability: Blinkbolt         |       |       |       |       |     1 |       ||     1
  Evoke: Wand              |       |       |     4 |     3 |     4 |     4 ||    15
         Lightning rod     |       |       |       |       |     1 |       ||     1
         Phial of floods   |       |       |       |       |     1 |       ||     1
    Use: Potion            |     3 |     3 |     2 |     6 |    10 |     1 ||    25
         Scroll            |       |     7 |     1 |    10 |    12 |     3 ||    33
   Stab: Distracted        |       |     1 |       |       |     1 |     1 ||     3
         Sleeping          |       |     1 |       |       |       |       ||     1
         Invisible         |       |       |       |     1 |       |       ||     1
 Armour: Skin              |     3 |     5 |       |     2 |    13 |     1 ||    24
  Dodge: Dodged            |    30 |    79 |    65 |    81 |   244 |    37 ||   536

Table legend: (Time is in decaauts)
 A = Elapsed time spent in this place.
 B = Non-inter-level travel time spent in this place.
 C = Inter-level travel time spent in this place.
 D = Time resting spent in this place.
 E = Time spent auto-exploring this place.
 F = Levels seen in this place.
 G = Mean time per level.
                   A        B        C        D        E       F      G
               +--------+--------+--------+--------+--------+-----+--------+
         Total |  31934 |  30565 |   1369 |   2260 |  21552 |  31 | 1030.1 |
       Dungeon |  15765 |  15158 |    607 |    778 |  11278 |  15 | 1051.0 |
        Temple |    223 |    195 |     28 |      0 |    185 |   1 |  223.0 |
          Lair |   5662 |   5255 |    407 |    395 |   3595 |   5 | 1132.4 |
         Swamp |   6259 |   5962 |    297 |    938 |   3896 |   4 | 1564.8 |
     Snake Pit |     24 |     24 |      0 |      0 |      0 |   1 |   24.0 |
  Orcish Mines |   1553 |   1525 |     28 |     41 |   1138 |   2 |  776.5 |
        Vaults |    889 |    889 |      0 |      5 |    647 |   1 |  889.0 |
         Sewer |   1034 |   1034 |      0 |     39 |    699 |   1 | 1034.0 |
      Gauntlet |    522 |    522 |      0 |     64 |    110 |   1 |  522.0 |
               +--------+--------+--------+--------+--------+-----+--------+

Top non-repeatable levels by time:
 Swamp:4: 2988 daAuts
  Lair:5: 1747 daAuts
    D:15: 1581 daAuts
     D:2: 1554 daAuts
    D:14: 1413 daAuts
     D:8: 1323 daAuts
     D:5: 1311 daAuts
  Lair:3: 1224 daAuts
    D:10: 1219 daAuts
 Swamp:2: 1160 daAuts
     D:6: 1153 daAuts
 Swamp:1: 1103 daAuts
  Lair:2: 1049 daAuts
   Sewer: 1034 daAuts
     D:9: 1018 daAuts
